 Dungeon Crawl Stone Soup version 0.26-a0-771-g060e6a62af (webtiles) character file.

Game seed: 11840408377576838335

154 Queen the Protected (level 5, -6/43 HPs)
             Began as a Gnoll Wanderer on Nov 7, 2020.
             Mangled by a killer bee (7 damage)
             ... on level 3 of the Dungeon.
             The game lasted 00:03:39 (1239 turns).

Queen the Protected (Gnoll Wanderer)                Turns: 1239, Time: 00:03:40

Health: -6/43      AC: 12    Str: 15    XL:     5   Next: 35%
Magic:  5/7        EV:  7    Int: 18    God:
Gold:   100        SH:  4    Dex: 11    Spells: 6/6 levels left

rFire    . . .     SeeInvis .   a - +2 hand crossbow
rCold    . . .     Faith    .   d - +0 buckler
rNeg     . . .     Spirit   .   e - +0 chain mail (curse)
rPois    .         Reflect  .   (no helmet)
rElec    .         Harm     .   (no cloak)
rCorr    .         Rampage  .   c - +0 pair of gloves
MR       .....                  (no boots)
Stlth    ..........             (no amulet)
HPRegen  0.14/turn              (no ring)
MPRegen  0.10/turn              (no ring)

@: lethally poisoned (-6 -> -19)
A: distributed training, fangs 1, strong nose
a: no special abilities


You were on level 3 of the Dungeon.
You visited 1 branch of the dungeon, and saw 3 of its levels.

You collected 100 gold pieces.

Inventory:

Hand Weapons
 a - a +2 hand crossbow (weapon)
 m - a cursed -2 hand axe
Missiles
 b - 33 bolts (quivered)
 j - 136 stones
 k - 2 silver boomerangs
Armour
 c - a +0 pair of gloves (worn)
 d - a +0 buckler (worn)
 e - a cursed +0 chain mail (worn)
Jewellery
 f - an uncursed ring of protection from magic {unknown}
Scrolls
 g - a scroll of remove curse {unknown}
 h - 3 scrolls of identify {unknown}
 l - 3 scrolls of amnesia {unknown}
 n - a scroll of noise {unknown}
 o - a scroll of random uselessness {unknown}
 r - a scroll of enchant weapon {unknown}
 t - a scroll of immolation {unknown}
Potions
 i - a potion of magic {unknown}
 p - a potion of curing {unknown}
 q - a potion of haste {unknown}
 s - a potion of might {unknown}
 u - a potion of degeneration {unknown}


   Skills:
 + Level 4.8 Fighting
 + Level 1.4 Short Blades
 + Level 1.4 Long Blades
 + Level 1.4 Axes
 + Level 3.0 Maces & Flails
 + Level 1.4 Polearms
 + Level 1.4 Staves
 + Level 1.4 Slings
 + Level 1.4 Bows
 + Level 3.0 Crossbows
 + Level 1.4 Throwing
 + Level 8.6 Armour
 + Level 1.4 Dodging
 + Level 2.7 Stealth
 + Level 3.0 Shields
 + Level 1.4 Unarmed Combat
 + Level 1.4 Spellcasting
 + Level 1.1 Conjurations
 + Level 1.1 Hexes
 + Level 1.1 Summonings
 + Level 1.1 Necromancy
 + Level 1.1 Translocations
 + Level 1.1 Transmutations
 + Level 1.1 Fire Magic
 + Level 1.1 Ice Magic
 + Level 1.1 Air Magic
 + Level 1.1 Earth Magic
 + Level 1.1 Poison Magic
 + Level 1.6 Invocations
 + Level 1.4 Evocations


You had 6 spell levels left.
You didn't know any spells.
Your spell library was empty.

Dungeon Overview and Level Annotations

Branches:
Dungeon (3/15)

Altars:


Innate Abilities, Weirdness & Mutations

Your experience applies equally to all skills.
You have very sharp teeth.
Your uncanny sense of smell can sniff out nearby items.


Message History

Press: ? - help, Shift-Dir - straight line, f - killer bee
Aim: a killer bee You shoot a bolt.
The bolt barely misses the killer bee.
* * * LOW HITPOINT WARNING * * *
You feel sick. The killer bee stings you.
* * * LOW HITPOINT WARNING * * *
The killer bee closely misses you.
The killer bee stings you but does no damage.
The killer bee completely misses you.
The killer bee stings you but does no damage.
Firing (i - inventory. (/) - cycle)
b - 34 bolts (quivered)
Press: ? - help, Shift-Dir - straight line, f/p - killer bee
Aim: a killer bee You shoot a bolt.
The bolt closely misses the killer bee.
* * * LOW HITPOINT WARNING * * *
You feel sick. The killer bee stings you.
* * * LOW HITPOINT WARNING * * *
The killer bee barely misses you. The bat hits you but does no damage.
The killer bee stings you!
You die...

..# ...∆
#.# ##.#
#...
#..###
#....#.#
#.@y..(#
#b#y####
... .((
#.##.
.### #
.. .. #.
.# #. .#
#. .#


You could see 2 killer bees and a bat.

Vanquished Creatures
  2 killer bees (D:3)
  An adder (D:2)
  An ooze (D:2)
  An adder skeleton (D:2)
  A worm (D:2)
  2 leopard geckos (D:1)
  2 ball pythons (D:2)
  3 giant cockroaches
  4 hobgoblins
  3 jackals (D:1)
  9 bats
  2 frilled lizards (D:1)
  6 goblins
  5 kobolds
  3 rats
45 creatures vanquished.

Notes
Turn   | Place    | Note
-------+----------+-------------------------------------------
     0 | D:1      | Queen the Gnoll Wanderer began the quest for the Orb.
     0 | D:1      | Queen set off with the following items: a +2 hand crossbow,
                  | 24 bolts, a +0 ring mail, a +0 buckler
     0 | D:1      | Reached XP level 1. HP: 20/20 MP: 1/1
    92 | D:1      | Reached XP level 2. HP: 26/26 MP: 2/2
   536 | D:1      | Reached XP level 3. HP: 31/31 MP: 3/3
   670 | D:2      | Reached skill level 1 in Invocations
   770 | D:2      | Reached skill level 1 in Short Blades
   770 | D:2      | Reached skill level 1 in Long Blades
   770 | D:2      | Reached skill level 1 in Axes
   770 | D:2      | Reached skill level 1 in Polearms
   770 | D:2      | Reached skill level 1 in Staves
   770 | D:2      | Reached skill level 1 in Slings
   770 | D:2      | Reached skill level 1 in Bows
   770 | D:2      | Reached skill level 1 in Throwing
   770 | D:2      | Reached skill level 1 in Dodging
   770 | D:2      | Reached skill level 1 in Unarmed Combat
   770 | D:2      | Reached skill level 1 in Spellcasting
   770 | D:2      | Reached skill level 1 in Evocations
   899 | D:2      | Reached XP level 4. HP: 38/38 MP: 5/5
  1231 | D:3      | Reached skill level 1 in Conjurations
  1231 | D:3      | Reached skill level 1 in Hexes
  1231 | D:3      | Reached skill level 1 in Summonings
  1231 | D:3      | Reached skill level 1 in Necromancy
  1231 | D:3      | Reached skill level 1 in Translocations
  1231 | D:3      | Reached skill level 1 in Transmutations
  1231 | D:3      | Reached skill level 1 in Fire Magic
  1231 | D:3      | Reached skill level 1 in Ice Magic
  1231 | D:3      | Reached skill level 1 in Air Magic
  1231 | D:3      | Reached skill level 1 in Earth Magic
  1231 | D:3      | Reached skill level 1 in Poison Magic
  1237 | D:3      | Reached XP level 5. HP: 13/43 MP: 5/7
  1239 | D:3      | HP: 2/43 [poisoned by a killer bee]
  1239 | D:3      | Mangled by a killer bee

Illustrated notes

Levels and vault maps discovered:
D:1:      tarquinn_simple_flora_water_e, layout_basic
D:2:      minmay_spotlight, layout_basic
D:3:      layout_basic, tso_metal_star

Skill      XL: |  1  2  3  4 |
---------------+-------------+-----
Invocations    | 1 |  1.6
Short Blades   | 1 |  1.4
Long Blades    | 1 |  1.4
Axes           | 1 |  1.4
Polearms       | 1 |  1.4
Staves         | 1 |  1.4
Slings         | 1 |  1.4
Bows           | 1 |  1.4
Throwing       | 1 |  1.4
Dodging        | 1 |  1.4
Unarmed Combat | 1 |  1.4
Spellcasting   | 1 |  1.4
Evocations     | 1 |  1.4
Conjurations   | 1 |  1.1
Hexes          | 1 |  1.1
Summonings     | 1 |  1.1
Necromancy     | 1 |  1.1
Translocations | 1 |  1.1
Transmutations | 1 |  1.1
Fire Magic     | 1 |  1.1
Ice Magic      | 1 |  1.1
Air Magic      | 1 |  1.1
Earth Magic    | 1 |  1.1
Poison Magic   | 1 |  1.1
Maces & Flails | 3 |  3.0
Crossbows      | 3 |  3.0
Shields        | 3 |  3.0
Fighting       | |  4.8
Armour         | |  8.6
Stealth        | |  2.7

Action                   |  1- 3 |  4- 6 || total
-------------------------+-------+-------++-------
Melee: Hand crossbow     |     3 |       ||     3
 Fire: Hand crossbow     |    81 |    28 ||   109
Armor: Chain mail        |    27 |    25 ||    52
Dodge: Dodged            |    15 |    22 ||    37
Block: Buckler           |     8 |    11 ||    19

Table legend: (Time is in decaauts)
 A = Elapsed time spent in this place.
 B = Non-inter-level travel time spent in this place.
 C = Inter-level travel time spent in this place.
 D = Time resting spent in this place.
 E = Time spent auto-exploring this place.
 F = Levels seen in this place.
 G = Mean time per level.
                   A        B        C        D        E       F      G
               +--------+--------+--------+--------+--------+-----+--------+
         Total |   1282 |   1089 |    193 |      0 |    811 |   3 |  427.3 |
       Dungeon |   1282 |   1089 |    193 |      0 |    811 |   3 |  427.3 |
               +--------+--------+--------+--------+--------+-----+--------+

Top non-repeatable levels by time:
     D:1: 643 daAuts
     D:2: 618 daAuts
     D:3: 19 daAuts
